cohdb
Replays
Latest Replays
All Replays
Popular Replays
Top Player Replays
Match Explorer
How It Works
Community
CoH3 Stats
Reddit
Sign in to upload your games and track your stats! →
Sign in with Steam
Match 39516699
Unlisted
Match 39516699
Overview
Messages
Build Orders
End
Construct Barracks
Selects Heavy Weapons
Selects Heavy Weapons
Engineer Squad
Riflemen Squad
M1 Mortar Team
Air Support Center
Riflemen Squad
Grasshopper Recon Run
Selects Assault Carriers
P-47 Dive Bomb
Construct Medical Station
Construct Weapon Support Center
.30 cal Machine Gun
Bazooka Squad
Grasshopper Recon Run
M3 Assault Carrier
P-47 Strafing Run
Selects M2HB .50cal Heavy Machine Gun
Riflemen Squad
P-47 Dive Bomb
Double Sortie
Grasshopper Recon Run
Improved M9 Bazooka Rockets
P-47 Strafing Run
Air Supremacy
P-47 Dive Bomb
Grenade Package
Grasshopper Recon Run
Riflemen Squad
The Legend of Gold
Pwnbot
Gollum
iKarbO
Kanade
JareK
Bert1e
猫凪紗
0
0
Comments
sign in to comment!
No comments posted yet!